 Dungeon Crawl Stone Soup version 0.22-a0-271-gc000056a37 (webtiles) character file.

37632 NooBeakApe the Impaler (level 13, -9/154 HPs)
             Began as a Merfolk Berserker on Mar 10, 2018.
             Was a High Priest of Trog.
             Mangled by a tyrant leech (21 damage)
             ... on level 6 of the Lair of Beasts.
             The game lasted 00:40:38 (16229 turns).

NooBeakApe the Impaler (Merfolk Berserker)         Turns: 16229, Time: 00:40:39

Health: -9/154     AC: 16    Str: 23    XL:     13   Next: 97%
Magic:  0/20       EV: 19    Int: 10    God:    Trog [*****.]
Gold:   1131       SH:  0    Dex: 16    Spells: 12/12 levels left

rFire    . . .     SeeInvis .   T - +1 glaive (freeze)
rCold    . . .     Gourm    .   (shield currently unavailable)
rNeg     . . .     Faith    .   s - +2 chain mail {rPois}
rPois    +         Spirit   +   r - +0 helmet
rElec    .         Reflect  .   h - +0 cloak
rCorr    .         Harm     .   (no gloves)
MR       +++..                  p - +1 pair of boots
Stlth    ..........             I - amulet of guardian spirit
HPRegen  0.35/turn              j - +3 ring of evasion
MPRegen  0.17/turn              y - +2 ring of dexterity

@: berserking, slowed
A: change form in water, swift swim, stealthy swim, magic resistance 3
a: Berserk, Trog's Hand, Brothers in Arms, Renounce Religion


You were on level 6 of the Lair of Beasts.
You worshipped Trog.
Trog was extremely pleased with you.
You were not hungry.

You visited 2 branches of the dungeon, and saw 14 of its levels.
You also visited: Sewer.

You collected 1131 gold pieces.

Inventory:

Hand Weapons
 Q - a +1 trident of holy wrath
 T - a +1 glaive of freezing (weapon)
Armour
 h - a +0 cloak (worn)
 p - a +1 pair of boots (worn)
 r - a +0 helmet (worn)
 s - a +2 chain mail of poison resistance (worn)
 A - a +0 shield
 J - a +0 large shield
Jewellery
 j - a +3 ring of evasion (left hand)
 y - a +2 ring of dexterity (right hand)
 I - an amulet of guardian spirit (around neck)
Wands
 a - a wand of iceblast (8)
 e - a wand of scattershot (5)
 t - a wand of flame (35)
 F - a wand of enslavement (14)
 G - a wand of disintegration (19)
 H - a wand of polymorph (12)
 L - a wand of acid (10)
 N - a wand of digging (23)
Scrolls
 b - 4 scrolls of amnesia {unknown}
 g - 10 scrolls of teleportation {unknown}
 k - 3 scrolls of enchant armour {unknown}
 l - 8 scrolls of remove curse {unknown}
 m - 5 scrolls of blinking {unknown}
 v - a scroll of fog
 w - 7 scrolls of enchant weapon {unknown}
 z - a scroll of immolation
 B - a scroll of fear
 C - 5 scrolls of magic mapping
 D - a scroll of holy word
Potions
 d - 2 potions of heal wounds
 f - 2 potions of resistance
 i - 3 potions of lignification {unknown}
 n - 3 potions of agility
 o - 4 potions of might
 q - 3 potions of mutation
 u - 2 potions of flight {unknown}
 x - a potion of cancellation
 E - 8 potions of curing
 K - a potion of brilliance
 M - a potion of magic
 P - 2 potions of ambrosia
Miscellaneous
 O - a phial of floods
Comestibles
 c - 41 rations


   Skills:
 + Level 10.2 Fighting
 + Level 16.3 Polearms
 - Level 5.0 Armour
 + Level 13.8 Dodging
 + Level 9.6 Shields
 + Level 10.1 Evocations


You had 12 spell levels left.
You didn't know any spells.

Dungeon Overview and Level Annotations

Branches:
Dungeon (8/15)             Temple (0/1) D:6            Lair (6/6) D:8
  Swamp (0/4) Lair:2       Spider (0/4) Lair:2        Slime (0/5) Lair:5

Altars:
Ashenzari
Dithmenos
Gozag
Uskayaw
Xom
Yredelemnul

Annotations:
D:8 2 transporters


Innate Abilities, Weirdness & Mutations

You revert to your normal form in water.
You are very nimble and swift while swimming.
You are very stealthy in the water. (Stealth+)
You are extremely resistant to the effects of hostile enchantments. (MR+++)


Message History

The tyrant leech bites you!!
* * * LOW HITPOINT WARNING * * *
The tyrant leech draws strength from your injuries!
Being near the torpor snail leaves you feeling lethargic.
Unknown command.
You closely miss the tyrant leech. The tyrant leech bites you!!
* * * LOW HITPOINT WARNING * * *
The tyrant leech draws strength from your injuries!
You closely miss the tyrant leech.
You slice the tyrant leech like a ripe choko!!!
You freeze the tyrant leech.
The tyrant leech is severely wounded.
The tyrant leech bites you but does no damage.
You hit the tyrant leech. You freeze the tyrant leech.
The tyrant leech is severely wounded.
The tyrant leech barely misses you.
You completely miss the tyrant leech.
The tyrant leech is severely wounded.
The tyrant leech bites you!!
You die...

##....# #..## #...
##..####..# ####....
###'#...## #.#.....
##...## ## ###...$#
#.⌠.### #.##...).#
##....#####...w.#..#
##..w.#.#.....##....
###ww......### #...
#@##.P.#### ###
########


You could see 2 tyrant leeches and a torpor snail.

Vanquished Creatures
  Harold (Lair:1)
  An ice dragon (Lair:6)
  3 hydras
  2 two-headed ogres (D:8)
  5 lindwurms
  An orb spider (Lair:2)
  An oklob plant (Lair:5)
  14 elephants
  Joseph (D:7)
  5 black mambas
  5 torpor snails (Lair:6)
  4 spiny frogs
  4 rime drakes
  11 komodo dragons
  A polar bear (Lair:5)
  A tyrant leech (Lair:6)
  Grinder (D:3)
  6 hornets (Lair:6)
  5 blink frogs (Lair:6)
  7 hippogriffs
  A wyvern (Lair:4)
  34 yaks
  Eustachio (D:4)
  2 basilisks
  Menkaure (D:6)
  A warg (Lair:6)
  A hell hound (Lair:6)
  10 water moccasins
  2 porcupines
  2 ice beasts
  A sky beast (D:7)
  3 orc warriors
  5 ogres
  2 phantoms
  11 wolves
  A centaur (D:8)
  7 crocodiles
  A big kobold (D:8)
  16 bullfrogs
  A water moccasin skeleton (D:8)
  2 scorpions
  7 wights
  A howler monkey (D:4)
  2 electric eels
  4 crimson imps
  A bullfrog zombie (D:7)
  2 jellies (D:7)
  A centaur zombie (D:7)
  7 orc priests
  A centaur skeleton (D:8)
  3 iguanas
  6 worker ants
  Terence (D:3)
  Natasha (thrice) (D:3)
  2 orc wizards
  A killer bee zombie (D:7)
  Robin (D:3)
  13 gnolls
  14 adders
  A river rat (D:5)
  12 oozes
  An adder skeleton (D:7)
  2 worms
  3 dart slugs
  21 leopard geckos
  36 orcs
  11 giant cockroaches
  14 goblins
  9 hobgoblins
  4 quokkas
  13 ball pythons
  13 bats
  20 frilled lizards
  7 kobolds
  3 rats
  A bush (Lair:2)
  3 plants
428 creatures vanquished.

Vanquished Creatures (others)
  A bush (Lair:2)
  5 fungi
  28 plants
34 creatures vanquished.

Grand Total: 462 creatures vanquished

Notes
Turn   | Place    | Note
-------+----------+-------------------------------------------
     0 | D:1      | NooBeakApe the Merfolk Berserker began the quest for the Orb.
     0 | D:1      | Reached XP level 1. HP: 18/18 MP: 1/1
   265 | D:1      | Reached XP level 2. HP: 20/24 MP: 2/2
   742 | D:1      | Reached skill level 5 in Polearms
   742 | D:1      | Reached XP level 3. HP: 29/29 MP: 3/3
  1100 | D:2      | Found a shadowy altar of Dithmenos.
  1156 | D:2      | Reached ** piety under Trog
  1165 | D:2      | Reached XP level 4. HP: 25/35 MP: 4/4
  1252 | D:2      | Reached skill level 6 in Polearms
  1563 | D:3      | Noticed Terence
  1576 | D:3      | Killed Terence
  1576 | D:3      | Reached XP level 5. HP: 42/42 MP: 5/5
  1708 | D:3      | Noticed Natasha
  1723 | D:3      | Killed Natasha
  1723 | D:3      | Reached skill level 7 in Polearms
  1747 | D:3      | Noticed Natasha
  1771 | D:3      | Killed Natasha
  1876 | D:3      | Reached XP level 6. HP: 48/48 MP: 6/6
  2018 | D:3      | Noticed Grinder
  2027 | D:3      | Reached *** piety under Trog
  2035 | D:3      | Noticed Robin
  2044 | D:3      | Killed Grinder
  2044 | D:3      | Reached skill level 8 in Polearms
  2044 | D:3      | Reached skill level 5 in Dodging
  2044 | D:3      | Reached XP level 7. HP: 52/55 MP: 7/7
  2066 | D:3      | Killed Robin
  2285 | D:3      | Noticed Natasha
  2298 | D:3      | Killed Natasha
  2357 | D:4      | Found a shimmering altar of Xom.
  2363 | D:4      | Reached skill level 5 in Fighting
  2363 | D:4      | Reached skill level 9 in Polearms
  2364 | D:4      | Found an opulent altar of Gozag.
  2392 | D:4      | Found a shattered altar of Ashenzari.
  2392 | D:4      | Found a basalt altar of Yredelemnul.
  2472 | D:4      | Reached skill level 1 in Evocations
  2670 | D:4      | Noticed Eustachio
  2676 | D:4      | Reached XP level 8. HP: 62/62 MP: 9/9
  2712 | D:4      | Killed Eustachio
  2712 | D:4      | Reached skill level 10 in Polearms
  3147 | D:5      | Entered Level 5 of the Dungeon
  3148 | D:5      | Found a glowing drain.
  3179 | Sewer    | Entered a sewer
  3272 | Sewer    | Reached **** piety under Trog
  3638 | D:5      | Reached skill level 11 in Polearms
  3790 | D:5      | Found a hide-covered altar of Uskayaw.
  4034 | D:5      | Reached ***** piety under Trog
  4361 | D:6      | Found a staircase to the Ecumenical Temple.
  4371 | D:6      | Reached skill level 1 in Shields
  4371 | D:6      | Reached XP level 9. HP: 60/69 MP: 11/11
  4445 | D:6      | Noticed Menkaure
  4460 | D:6      | Killed Menkaure
  4856 | D:6      | Received a gift from Trog
  4911 | D:7      | Found an opulent altar of Gozag.
  5111 | D:7      | Noticed Joseph
  5127 | D:7      | Killed Joseph
  5337 | D:7      | Reached skill level 12 in Polearms
  5503 | D:7      | Reached XP level 10. HP: 79/79 MP: 13/13
  5719 | D:8      | Reached skill level 5 in Evocations
  5740 | D:8      | Found a hide-covered altar of Uskayaw.
  5781 | D:8      | Noticed a two-headed ogre
  5795 | D:8      | Killed a two-headed ogre
  6294 | D:8      | Noticed a two-headed ogre
  6311 | D:8      | Killed a two-headed ogre
  6514 | D:8      | Reached skill level 5 in Shields
  6521 | D:8      | Found a transporter.
  6760 | D:8      | Reached skill level 13 in Polearms
  6760 | D:8      | Reached skill level 10 in Dodging
  6933 | D:8      | Found a staircase to the Lair.
  6973 | D:8      | Found a transporter.
  7104 | Lair:1   | Entered Level 1 of the Lair of Beasts
  7166 | Lair:1   | Noticed a five-headed hydra
  7182 | Lair:1   | Killed a five-headed hydra
  7182 | Lair:1   | Reached XP level 11. HP: 86/86 MP: 13/15
  7436 | Lair:1   | Noticed Harold
  7503 | Lair:1   | Killed Harold
  7933 | Lair:1   | Gained mutation: You are resistant to hostile enchantments. (MR+) [potion of mutation]
  7933 | Lair:1   | Gained mutation: You are highly resistant to hostile enchantments. (MR++) [potion of mutation]
  7933 | Lair:1   | Gained mutation: You are extremely resistant to the effects of hostile enchantments. (MR+++) [potion of mutation]
  8415 | Lair:2   | Found a staircase to the Swamp.
  9031 | Lair:2   | Reached skill level 14 in Polearms
  9262 | Lair:2   | Found a hole to the Spider Nest.
  9262 | Lair:2   | Noticed an orb spider
  9297 | Lair:2   | Killed an orb spider
  9767 | Lair:3   | Received a gift from Trog
 10028 | Lair:3   | Noticed a five-headed hydra
 10036 | Lair:3   | Reached XP level 12. HP: 92/92 MP: 14/17
 10314 | Lair:3   | Killed a five-headed hydra
 11171 | Lair:4   | Reached skill level 5 in Armour
 11300 | Lair:4   | Noticed a six-headed hydra
 11349 | Lair:4   | Killed a six-headed hydra
 12177 | Lair:5   | Reached skill level 15 in Polearms
 12412 | Lair:5   | Found a staircase to the Slime Pits.
 13380 | Lair:6   | Entered Level 6 of the Lair of Beasts
 13730 | Lair:6   | Reached XP level 13. HP: 101/101 MP: 19/19
 14742 | Lair:6   | Received a gift from Trog
 15047 | Lair:6   | Reached skill level 16 in Polearms
 15267 | Lair:6   | Reached skill level 10 in Fighting
 15809 | Lair:6   | Reached skill level 10 in Evocations
 15884 | Lair:6   | Found a runed door.
 16127 | Lair:6   | Noticed an ice dragon
 16137 | Lair:6   | Killed an ice dragon
 16229 | Lair:6   | Mangled by a tyrant leech

Vault maps used:
D:1:      dpeg_arrival_arbitrary_a
D:2:      first_ration, nicolae_dithmenos_shadow_blocks
D:3:      uniq_grinder, uniq_natasha, uniq_robin, uniq_terence
D:4:      grunt_temple_overflow_open, uniq_eustachio
D:5:      corexii_shack_village, cheibrodos_sewer_entry_sluice, basic_altar,
          minmay_misc_feat_plants
D:6:      minmay_temple_entry_large_hall, uniq_menkaure
D:7:      nicolae_gozag_seed_capital, uniq_joseph
D:8:      gammafunk_cloud_chamber, lemuel_round_altar, lair_entry_dummy,
          blue_anna_alchemist, minivault_1
Lair:1:   uniq_harold
Lair:2:   swamp_mist_pool, nicolae_spider_entry_orb_guardian, serial_forest,
          infiniplex_forest_end_1, infiniplex_forest_lined_corner,
          infiniplex_forest_clump_tiny, infiniplex_forest_lined_3,
          infiniplex_forest_lined_corner, infiniplex_forest_straight_2,
          infiniplex_forest_clump_medium, infiniplex_forest_end_3,
          infiniplex_forest_lined_corner
Lair:4:   wad_woods_river_03
Lair:5:   minmay_slime_entry_oklob_open, lemuel_fruit_tree, grunt_megastairs_4
Lair:6:   hangedman_lair_caniforms_friends, wormcave, grunt_megastairs_2
Sewer:    sewer_frog_island_02

Skill      XL: |  1  2  3  4  5  6  7  8  9 10 11 12 13 |
---------------+----------------------------------------+-----
Dodging        | 3 4 5 6 7 8 10 11 12 13 | 13.8
Polearms       | 5 6 7 8 9 11 12 13 14 15 16 | 16.3
Armour         | 2 3 4 5 |  5.0
Fighting       | 4 5 6 7 8 9 10 | 10.2
Evocations     | 1 3 4 6 7 9 10 | 10.1
Shields        | 1 3 5 7 8 9 |  9.6

Action                   |  1- 3 |  4- 6 |  7- 9 | 10-12 | 13-15 || total
-------------------------+-------+-------+-------+-------+-------++-------
Melee: Spear             |   115 |   129 |       |       |       ||   244
       Halberd           |       |    37 |   488 |   121 |       ||   646
       Trident           |       |       |    44 |   921 |   224 ||  1189
       Tailslap          |       |       |     5 |     1 |       ||     6
       Glaive            |       |       |       |       |   227 ||   227
Invok: Berserk           |     2 |     5 |     5 |    19 |     9 ||    40
       Trog's Hand       |       |       |     6 |     3 |     2 ||    11
Evoke: Wand              |       |       |       |     2 |       ||     2
  Use: Potion            |     1 |       |     2 |     3 |     2 ||     8
       Scroll            |       |       |       |    16 |     1 ||    17
 Stab: Sleeping          |     1 |       |       |       |       ||     1
  Eat: Chunk             |     3 |     6 |    20 |    35 |    16 ||    80
       Ration            |       |       |       |     3 |     1 ||     4
Armor: Leather armour    |    19 |       |       |       |       ||    19
       Animal skin       |     1 |       |       |       |       ||     1
       Ring mail         |       |    16 |       |       |       ||    16
       Chain mail        |       |    79 |   243 |   280 |   136 ||   738
Dodge: Dodged            |    73 |    69 |   381 |   477 |   279 ||  1279
Block: Shield            |       |       |       |   401 |   145 ||   546

Table legend:
 A = Spawn XP
 B = Non-spawn XP
 C = Spawn XP percentage of total XP
 D = Spawn monster count
 E = Non-spawn monster count
 F = Spawn count percentage of total count
 G = Total turns spent on level
                    A         B        C        D         E        F      G
               +---------+---------+-------+---------+---------+-------+---------
         Total |       0 |   53761 |   0.0 |       0 |     424 |   0.0 | 16229
               +---------+---------+-------+---------+---------+-------+---------
           D:1 |       0 |      51 |   0.0 |       0 |      18 |   0.0 |   775
           D:2 |       0 |      97 |   0.0 |       0 |      18 |   0.0 |   788
           D:3 |       0 |     665 |   0.0 |       0 |      51 |   0.0 |   775
           D:4 |       0 |     802 |   0.0 |       0 |      21 |   0.0 |   809
           D:5 |       0 |     292 |   0.0 |       0 |      22 |   0.0 |   779
           D:6 |       0 |     824 |   0.0 |       0 |      20 |   0.0 |   550
           D:7 |       0 |    1657 |   0.0 |       0 |      28 |   0.0 |   797
           D:8 |       0 |    3838 |   0.0 |       0 |      32 |   0.0 |  1396
        Lair:1 |       0 |    2995 |   0.0 |       0 |       8 |   0.0 |   849
        Lair:2 |       0 |    6031 |   0.0 |       0 |      27 |   0.0 |  2006
        Lair:3 |       0 |    3771 |   0.0 |       0 |      11 |   0.0 |   954
        Lair:4 |       0 |    5538 |   0.0 |       0 |      20 |   0.0 |  1012
        Lair:5 |       0 |    7043 |   0.0 |       0 |      23 |   0.0 |  2531
        Lair:6 |       0 |   19757 |   0.0 |       0 |      64 |   0.0 |  1773
         Sewer |       0 |     400 |   0.0 |       0 |      61 |   0.0 |   435
               +---------+---------+-------+---------+---------+-------+---------
